 Dungeon Crawl Stone Soup version 0.22-a0-417-g1387785 (webtiles) character file.

5747 Borgoz the Cleaver (level 10, -8/64 HPs)
             Began as a Gargoyle Abyssal Knight on May 14, 2018.
             Was an Elder of Lugonu.
             Mangled by a black mamba (10 damage)
             ... on level 1 of the Lair of Beasts.
             The game lasted 00:24:37 (12195 turns).

Borgoz the Cleaver (Gargoyle Abyssal Knight)       Turns: 12195, Time: 00:24:37

Health: -8/64      AC: 15    Str: 16    XL:     10   Next: 77%
Magic:  15/15      EV: 13    Int: 13    God:    Lugonu [****..]
Gold:   340        SH:  0    Dex: 12    Spells: 9/9 levels left

rFire    . . .     SeeInvis +   m - +0 battleaxe
rCold    . . .     Gourm    .   (shield currently unavailable)
rNeg     + . .     Faith    .   w - +0 ring mail (curse)
rPois    ∞         Spirit   .   (no helmet)
rElec    +         Reflect  .   x - +0 cloak
rCorr    .         Harm     .   (no gloves)
MR       .....                  (no boots)
Stlth    +.........             (no amulet)
HPRegen  0.20/turn              j - ring of see invisible
MPRegen  0.14/turn              (no ring)

@: no status effects
A: negative energy resistance 1, electricity resistance, unbreathing,
petrification resistance, rot immunity, AC +7
a: Depart the Abyss, Bend Space, Banish, Corrupt, Renounce Religion


You were on level 1 of the Lair of Beasts.
You worshipped Lugonu.
Lugonu was greatly pleased with you.
You were very hungry.

You visited 3 branches of the dungeon, and saw 11 of its levels.
You visited the Abyss 1 time.
You also visited: Sewer.

You collected 684 gold pieces.
You spent 344 gold pieces at shops.

Inventory:

Hand Weapons
 m - a +0 battleaxe (weapon)
 v - a +3 quarterstaff of chaos
 C - a +2 dagger of chaos
Armour
 w - a cursed +0 ring mail (worn)
 x - a +0 cloak (worn)
Jewellery
 j - a ring of see invisible (left hand)
 D - an uncursed ring of ice
 H - an uncursed ring of ice
Wands
 e - a wand of paralysis (41)
 o - a wand of flame (10)
 q - a wand of acid (7)
 y - a wand of iceblast (35)
 B - a wand of random effects (24)
 F - a wand of disintegration (8)
Scrolls
 a - 4 scrolls of remove curse {unknown}
 b - 3 scrolls of enchant armour
 d - 3 scrolls of teleportation
 g - a scroll of silence {unknown}
 h - 5 scrolls of blinking
 i - 2 scrolls of random uselessness {unknown}
 k - 2 scrolls of amnesia {unknown}
 l - 4 scrolls of enchant weapon
 t - a scroll of magic mapping
 z - 2 scrolls of acquirement {unknown}
 A - a scroll of holy word {unknown}
 I - a scroll of identify
 J - a scroll of fear
Potions
 f - 3 potions of agility
 n - 2 potions of flight
 p - 2 potions of invisibility
 r - 2 potions of brilliance
 s - 13 potions of curing
 u - a potion of haste {unknown}
 G - a potion of might {unknown}
Comestibles
 c - 13 rations


   Skills:
 + Level 7.7 Fighting
 * Level 8.4 Axes
 + Level 7.3 Armour
 * Level 5.6 Dodging
 + Level 7.4 Invocations


You had 9 spell levels left.
You didn't know any spells.
Your spell library was empty.

Dungeon Overview and Level Annotations

Branches:
Dungeon (9/15)             Temple (1/1) D:7            Lair (1/6) D:8
    Orc: D:9-12

Altars:
Ashenzari
Cheibriados
Dithmenos
Elyvilon
Fedhas
Gozag
Hepliaklqana
Kikubaaqudgha
Makhleb
Nemelex Xobeh
Okawaru
Qazlal
Ru
Sif Muna
Trog
Uskayaw
Vehumet
Wu Jian
Xom
Yredelemnul
Zin
The Shining One

Shops:
D:6 (%*:   D:7 ?


Innate Abilities, Weirdness & Mutations

You are resistant to torment.
Your stone body is resilient. (AC +7)
You are immune to poison.
You resist negative energy. (rN+)
You are resistant to electric shocks. (rElec)
You can survive without breathing.
You are immune to petrification.
You are immune to rotting.


Message History

The black mamba bites you but does no damage.
You barely miss the black mamba.
The black mamba is lightly wounded.
The black mamba bites you but does no damage.
The black mamba bites you! x2
You slash the black mamba!
The black mamba is moderately wounded.
The black mamba misses you. The black mamba bites you.
You slash the black mamba!
The black mamba is severely wounded.
The black mamba bites you!
* * * LOW HITPOINT WARNING * * *
The black mamba bites you!
* * * LOW HITPOINT WARNING * * *
You miss the black mamba.
The black mamba is severely wounded.
The black mamba bites you!
* * * LOW HITPOINT WARNING * * *
The black mamba bites you!
You die...

#......P#
#......###
#.......###
#........#
#......##
#......##
#<.....###
##.......##
##.@S?...#
#.........
###.......
#......
#.....
#.... #...
###


You could see a black mamba.

Vanquished Creatures
  The ghost of Salmacis the Cleaver, a novice HOFi of Okawaru (D:7)
  Psyche (D:9)
  A hippogriff (D:7)
  A hungry ghost (D:7)
  A water moccasin (D:8)
  An orc warrior (D:8)
  2 ice beasts
  A phantom (D:6)
  A sky beast (D:5)
  2 ogres
  5 centaurs
  A crocodile (D:8)
  3 big kobolds (Sewer)
  3 bullfrogs
  A scorpion (D:7)
  A water moccasin skeleton (D:4)
  3 wights (D:6)
  A howler monkey (D:8)
  6 crimson imps
  A jelly (D:5)
  3 quasits (D:8)
  A bullfrog skeleton (D:5)
  A centaur skeleton (D:7)
  2 orc priests
  Crazy Yiuf (D:2)
  7 orc wizards
  3 iguanas
  5 worker ants
  A hound skeleton (D:6)
  A howler monkey zombie (D:5)
  9 adders
  8 gnolls
  A howler monkey skeleton (D:4)
  19 river rats
  A shadow imp (D:5)
  An ooze (D:1)
  2 dart slugs
  2 worms
  8 leopard geckos
  31 orcs
  6 giant cockroaches
  14 goblins
  5 hobgoblins
  8 jackals
  5 quokkas
  4 ball pythons
  9 bats
  9 frilled lizards
  21 kobolds
  32 rats
257 creatures vanquished.

Vanquished Creatures (others)
  A hydra (D:7)
  2 two-headed ogres (D:9)
  Maurice (D:9)
  An orc warrior (D:9)
  2 ogres
7 creatures vanquished.

Grand Total: 264 creatures vanquished

Notes
Turn   | Place    | Note
-------+----------+-------------------------------------------
     0 | Abyss:1  | Borgoz the Gargoyle Abyssal Knight began the quest for the Orb.
     0 | Abyss:1  | Reached XP level 1. HP: 14/14 MP: 2/2
   192 | Abyss:1  | Noticed a smoke demon
   192 | D:1      | Escaped the Abyss
   446 | D:1      | Reached skill level 1 in Dodging
   446 | D:1      | Reached XP level 2. HP: 10/19 MP: 3/3
   601 | D:1      | Reached skill level 2 in Axes
   679 | D:1      | Reached * piety under Lugonu
   842 | D:1      | Reached XP level 3. HP: 19/23 MP: 4/4
  1561 | D:2      | Reached ** piety under Lugonu
  1620 | D:1      | Reached XP level 4. HP: 11/29 MP: 4/6
  2309 | D:2      | Found a shimmering altar of Xom.
  2525 | D:2      | Found a runed door.
  2650 | D:2      | Noticed Crazy Yiuf
  2660 | D:2      | HP: 1/29 [Crazy Yiuf/quarterstaff of chaos (3)]
  3057 | D:3      | Reached XP level 5. HP: 33/33 MP: 7/7
  3220 | D:3      | Noticed an ogre
  3337 | D:4      | Reached skill level 3 in Axes
  3342 | D:4      | Reached XP level 6. HP: 9/38 MP: 8/8
  3538 | D:4      | Found a glowing drain.
  3542 | Sewer    | Entered a sewer
  3801 | Sewer    | Reached *** piety under Lugonu
  4039 | Sewer    | Reached XP level 7. HP: 32/44 MP: 9/9
  4252 | Sewer    | Reached skill level 4 in Axes
  4480 | D:4      | HP: 2/44 [river rat (5)]
  4521 | D:4      | Reached **** piety under Lugonu
  4897 | D:5      | Entered Level 5 of the Dungeon
  4951 | D:4      | Reached skill level 5 in Fighting
  5717 | D:3      | Reached XP level 8. HP: 47/49 MP: 11/11
  5996 | D:2      | Killed Crazy Yiuf
  6206 | D:5      | Reached skill level 5 in Axes
  6371 | D:6      | Found a shadowy altar of Dithmenos.
  6584 | D:5      | Reached skill level 5 in Armour
  6689 | D:5      | Found a stormy altar of Qazlal.
  6691 | D:5      | Found an ancient bone altar of Kikubaaqudgha.
  6716 | D:5      | Reached skill level 5 in Invocations
  7110 | D:6      | Found a burning altar of Makhleb.
  7112 | D:6      | Found an opulent altar of Gozag.
  7397 | D:6      | Reached skill level 6 in Axes
  7397 | D:6      | Reached XP level 9. HP: 40/55 MP: 11/13
  7574 | D:6      | Found Pimec's Book Emporium.
  7986 | D:6      | Found Zaebaref's Food Shoppe.
  7987 | D:6      | Found Kucheror's Weapon Shoppe.
  8080 | D:6      | Found Xinaar's General Store.
  8087 | D:6      | Bought a scroll of enchant armour for 90 gold pieces
  8087 | D:6      | Bought a scroll of identify for 24 gold pieces
  8087 | D:6      | Bought a scroll of identify for 24 gold pieces
  8087 | D:6      | Bought a scroll of enchant armour for 90 gold pieces
  8087 | D:6      | Bought a potion of curing for 36 gold pieces
  8087 | D:6      | Bought a scroll of identify for 24 gold pieces
  8365 | D:7      | Noticed Salmacis's ghost (novice HOFi)
  8656 | D:7      | Found Leruj's Magic Scroll Shoppe.
  8661 | D:7      | Bought a scroll of identify for 28 gold pieces
  8661 | D:7      | Bought a scroll of identify for 28 gold pieces
  9430 | D:8      | Found a staircase to the Lair.
  9441 | D:8      | Noticed a dagger
  9464 | D:8      | Noticed a dagger
  9466 | D:8      | Found a hide-covered altar of Uskayaw.
  9565 | D:7      | Found a staircase to the Ecumenical Temple.
  9594 | D:7      | Killed Salmacis's ghost
  9594 | D:7      | Reached skill level 7 in Axes
  9650 | D:7      | Noticed an eight-headed hydra
  9652 | D:7      | Banished an eight-headed hydra
  9652 | D:7      | Reached XP level 10. HP: 57/61 MP: 9/14
  9716 | Temple   | Entered the Ecumenical Temple
 10107 | D:7      | Found a white marble altar of Elyvilon.
 10539 | D:8      | Reached skill level 5 in Dodging
 11114 | D:9      | Noticed Maurice
 11114 | D:9      | Noticed Psyche
 11128 | D:9      | Killed Maurice
 11128 | D:9      | Reached skill level 8 in Axes
 11129 | D:9      | Killed Psyche
 11168 | D:9      | Noticed a two-headed ogre
 11172 | D:9      | Banished a two-headed ogre
 11399 | D:9      | Noticed a two-headed ogre
 11400 | D:9      | Banished a two-headed ogre
 11695 | D:9      | HP: 3/64 [orc warrior/trident (15)]
 12183 | Lair:1   | Entered Level 1 of the Lair of Beasts
 12185 | Lair:1   | Noticed a black mamba
 12195 | Lair:1   | HP: 2/64 [black mamba (7)]
 12195 | Lair:1   | Mangled by a black mamba

Vault maps used:
D:1:      minmay_arrival_stair_chambers, serial_bayou_pond_e,
          minmay_pentomino_v4
D:2:      xom_teletrap_fun, uniq_crazy_yiuf_cottage
D:3:      first_ration, minmay_ogre_servants
D:4:      cheibrodos_pilgrimage, gup_sewer_entry_bowl, dk_rats_in_the_wall
D:5:      nicolae_overflow_hidden_temple
D:6:      grunt_temple_overflow_open, serial_shops, nicolae_shop_crystal, shop,
          shop, shop, kennysheep_generic_room_16
D:7:      lemuel_crystal_altar, minmay_temple_entry_glass, serial_shops,
          nicolae_shop_statue_plus, abandoned_shop
D:8:      dancing_weapons_uskayaw, minmay_lair_entry_lava
D:9:      uniq_maurice, uniq_psyche
Temple:   jpeg_temple_clearing
Lair:1:   grunt_forest_large_clearings, grunt_megastairs_4
Sewer:    sewer_minmay_treatment

Skill      XL: |  1  2  3  4  5  6  7  8  9 10 |
---------------+-------------------------------+-----
Dodging        | 1 2 3 4 5 |  5.6
Axes           | 2 3 4 6 7 8 |  8.4
Armour         | 3 4 5 6 7 |  7.3
Invocations    | 3 4 5 6 7 |  7.4
Fighting       | 4 5 6 7 |  7.7

Action                   |  1- 3 |  4- 6 |  7- 9 | 10-12 || total
-------------------------+-------+-------+-------+-------++-------
Melee: Hand axe          |   165 |    32 |       |       ||   197
       Battleaxe         |       |   186 |   517 |   190 ||   893
Invok: Depart the Abyss  |     1 |       |       |       ||     1
       Banish            |       |       |     3 |     4 ||     7
Evoke: Wand              |       |       |     4 |       ||     4
  Use: Scroll            |       |     6 |     9 |       ||    15
       Potion            |       |     2 |     5 |     2 ||     9
  Eat: Chunk             |     2 |     9 |    18 |    13 ||    42
       Ration            |       |       |       |     1 ||     1
Armor: Leather armour    |    89 |   144 |    68 |       ||   301
       Skin              |       |    14 |       |    15 ||    29
       Ring mail         |       |       |   241 |   133 ||   374
Dodge: Dodged            |   131 |   257 |   435 |   153 ||   976

Table legend:
 A = Spawn XP
 B = Non-spawn XP
 C = Spawn XP percentage of total XP
 D = Spawn monster count
 E = Non-spawn monster count
 F = Spawn count percentage of total count
 G = Total turns spent on level
                    A         B        C        D         E        F      G
               +---------+---------+-------+---------+---------+-------+---------
         Total |       0 |    8211 |   0.0 |       0 |     264 |   0.0 | 12195
               +---------+---------+-------+---------+---------+-------+---------
           D:1 |       0 |      92 |   0.0 |       0 |      29 |   0.0 |  1840
           D:2 |       0 |      95 |   0.0 |       0 |      25 |   0.0 |   952
           D:3 |       0 |     156 |   0.0 |       0 |      30 |   0.0 |   877
           D:4 |       0 |     450 |   0.0 |       0 |      46 |   0.0 |  1303
           D:5 |       0 |     858 |   0.0 |       0 |      25 |   0.0 |  1255
           D:6 |       0 |     813 |   0.0 |       0 |      15 |   0.0 |  1504
           D:7 |       0 |    2207 |   0.0 |       0 |      20 |   0.0 |   777
           D:8 |       0 |     873 |   0.0 |       0 |      15 |   0.0 |  1463
           D:9 |       0 |    2144 |   0.0 |       0 |      11 |   0.0 |  1051
         Sewer |       0 |     523 |   0.0 |       0 |      48 |   0.0 |   877
               +---------+---------+-------+---------+---------+-------+---------
